Map: Ulrena

Players

capac - Winner!

  • Race: Terran Terran
  • League: Gold

nnx

  • Race: Terran Terran
  • League: Gold

VOD

Have the link to the VOD?

Description

Time

  • Played on: March 11, 2016, 12:11 p.m.
  • Length: 9:27
Show
View Real Time Build Order
Export as new Build Order

capac Terran - Winner!

Build Orders:  

Get SALT Encoding   

  12  0:00  SCV  
  13  0:13  SCV  
  14  0:18  Supply Depot  
  14  0:25  SCV  
  15  0:40  SCV  
  16  0:42  Barracks  
  16  0:45  Refinery  
  16  0:52  SCV  
  17  1:04  SCV  
  18  1:16  SCV  
  19  1:28  SCV  
  20  1:33  Barracks Reactor  
  20  1:39  Command Center  
  20  1:42  SCV  
  21  1:49  Supply Depot  
  21  1:59  Orbital Command  
  21  2:12  Factory  
  21  2:14  Marine  
  22  2:18  Marine  
  23  2:26  Refinery, SCV  
  24  2:36  Marine x2  
  26  2:39  SCV  
  27  2:51  SCV  
  27  2:53  Orbital Command  
  27  2:56  Bunker  
  28  3:03  Factory Tech Lab  
  27  3:08  Marine x2  
  27  3:21  Bunker  
  27  3:24  Siege Tank  
  27  3:26  Marine x2  
  32  3:42  SCV  
  32  3:44  Marine x2  
  35  3:55  Starport  
  35  4:01  Siege Tank  
  35  4:02  Marine x2  
  40  4:07  Engineering Bay  
  40  4:10  SCV  
  35  4:38  Marine x2  
  35  4:41  Starport Reactor  
  35  4:42  Siege Tank  
  35  4:45  Barracks  
  39  4:51  Command Center  
  38  5:03  SCV x2  
  40  5:13  Marine x2  
  42  5:15  Siege Tank  
  42  5:21  Terran Infantry Weapons Level 1  
  45  5:23  SCV  
  46  5:28  Supply Depot  
  46  5:32  SCV  
  47  5:42  Medivac  
  49  5:46  SCV x2  
  49  5:49  Barracks Tech Lab  
  51  5:50  Barracks  
  51  5:58  SCV x2  
  51  5:59  Supply Depot  
  53  6:05  Marine  
  53  6:06  Marine  
  53  6:10  Siege Tank  
  58  6:23  Missile Turret  
  58  6:25  Missile Turret  
  58  6:28  Marine x3  
  58  6:31  Medivac  
  63  6:38  SCV  
  63  6:39  SCV  
  65  6:40  Refinery  
  65  6:42  Refinery  
  65  6:43  Barracks Reactor  
  65  6:47  Supply Depot  
  65  7:02  Missile Turret  
  65  7:04  Marine x3  
  65  7:06  Viking x2  
  67  7:41  Marine x3  
  67  7:42  Marine x2  
  72  7:53  Siege Tank  
  72  7:54  SCV  
  72  7:55  SCV  
  77  7:58  Orbital Command  
  77  8:03  Marine  
  77  8:04  Marine x4  
  82  8:21  Marine x2  
  82  8:22  Viking x2, Marine x3  
  91  8:34  Starport  
  91  8:39  Marine x2  
  93  9:06  Bunker  
  93  9:07  Bunker  
Show
View Real Time Build Order
Export as new Build Order

nnx Terran 

Build Orders:  

Get SALT Encoding   

  12  0:01  SCV  
  13  0:13  SCV  
  14  0:19  Supply Depot  
  14  0:32  SCV  
  15  0:41  Barracks  
  15  0:44  SCV  
  16  0:50  Refinery  
  16  0:56  SCV  
  17  1:00  Supply Depot  
  17  1:08  SCV  
  18  1:16  Barracks  
  18  1:20  SCV  
  19  1:33  Barracks  
  19  1:35  SCV  
  19  1:39  Reaper  
  21  1:46  Refinery  
  21  1:48  SCV  
  22  2:05  Reaper  
  23  2:13  Reaper  
  24  2:22  Reaper  
  25  2:36  Command Center  
  26  2:37  Reaper  
  26  2:50  Reaper  
  27  2:54  Supply Depot, SCV  
  28  2:59  Reaper  
  27  3:18  Reaper  
  27  3:22  Reaper  
  27  3:35  Reaper  
  27  3:50  Reaper  
  27  3:54  Reaper  
  29  3:58  Factory  
  29  4:00  Orbital Command  
  24  4:40  Orbital Command  
  24  4:46  Factory  
  24  4:51  Factory Reactor  
  24  4:53  Starport, Marine x3  
  27  5:09  SCV  
  28  5:17  Engineering Bay  
  28  5:18  Supply Depot  
  28  5:19  SCV  
  29  5:21  SCV  
  30  5:32  SCV  
  30  5:33  SCV  
  32  5:39  Liberator  
  32  5:40  Liberator  
  32  5:43  Refinery, Marine x2  
  32  5:44  SCV  
  32  5:46  SCV  
  32  5:47  Refinery  
  36  5:56  SCV  
  40  5:58  SCV  
  40  6:02  Factory Tech Lab  
  40  6:03  Factory Tech Lab  
  44  6:06  Supply Depot  
  44  6:12  SCV  
  44  6:13  Missile Turret  
  45  6:19  SCV  
  46  6:26  SCV  
  47  6:35  Siege Tank x2  
  53  6:41  Supply Depot, Marine  
  53  6:42  Marine  
  53  6:44  Supply Depot  
  55  6:47  Medivac  
  55  6:48  Medivac  
  53  7:31  Siege Tank x2  
  53  7:32  Marine x2  
  53  7:36  Barracks Tech Lab  
  61  7:37  SCV  
  61  7:38  SCV  
  61  7:39  Barracks  
  63  7:49  SCV  
  63  7:50  Marine x2, SCV  
  67  7:59  Command Center  
  67  8:01  SCV  
  67  8:03  Siege Tank  
  67  8:05  Siege Tank  
  74  8:08  Marine  
  75  8:18  Marine x2  
  77  8:25  Marine  
  78  8:31  SCV x2  
  78  8:32  Missile Turret  
  80  8:35  Siege Tank  
  80  8:36  Marine x2  
  85  8:43  SCV  
  86  8:49  Marine, SCV  
  86  8:51  Siege Tank  
Tags
 
League
GoldGold
Matchup
TvT
Race
Terran
Add a new tag
Caveats
  • Supply blocks, unpowered buildings, or Contaminate may cause inaccurate times.
  • Supply counts are checked every 10 seconds.